 Dungeon Crawl Stone Soup version 0.19.4-8-ga85b6b9 (webtiles) character file.

753 tself55 the Firebug (level 7, -1/36 HPs)
             Began as a Deep Elf Fire Elementalist on Feb 7, 2017.
             Slain by Pikel
             ... wielding a +2 whip of flaming
              (9 damage)
             ... on level 4 of the Dungeon.
             The game lasted 00:09:52 (4928 turns).

tself55 the Firebug (Deep Elf Fire Elementalist)    Turns: 4928, Time: 00:09:53

Health: -1/36      AC:  2    Str:  5    XL:     7   Next: 49%
Magic:  0/17       EV: 13    Int: 22    God:
Gold:   224        SH:  0    Dex: 15    Spells: 3 memorised, 9 levels left

rFire  + . .     SeeInvis .     j - +0 dagger
rCold  . . .     Gourm    .     a - +0 robe
rNeg   . . .     Faith    .     (no shield)
rPois  +         Spirit   .     (no helmet)
rElec  .         Reflect  .     (no cloak)
rCorr  .         Harm     .     (no gloves)
MR     .....                    (no boots)
Stlth  ++........               (no amulet)
                                B - ring of protection from fire
                                p - ring of poison resistance

@: very slightly contaminated, invisible
A: no striking features
a: no special abilities


You were on level 4 of the Dungeon.
You were hungry.

You visited 1 branch of the dungeon, and saw 4 of its levels.
You also visited: Sewer.

You collected 224 gold pieces.

Inventory:

Hand Weapons
 j - a +0 dagger (weapon)
Armour
 a - a +0 robe (worn)
Jewellery
 p - a ring of poison resistance (left hand)
 w - an uncursed ring of protection from magic
 x - an uncursed ring of positive energy
 B - a ring of protection from fire (right hand)
Scrolls
 d - 3 scrolls of enchant armour {unknown}
 e - 5 scrolls of identify
 g - 3 scrolls of blinking {unknown}
 k - 3 scrolls of enchant weapon {unknown}
 m - 3 scrolls of remove curse
 o - a scroll of teleportation {unknown}
 s - a scroll of random uselessness {unknown}
 u - a scroll of noise {unknown}
 v - a scroll of fog {unknown}
 y - 2 scrolls of magic mapping {unknown}
 C - a scroll of fear {unknown}
Potions
 l - a potion of heal wounds {unknown}
 n - 3 potions of might
 r - a potion of mutation {unknown}
 z - a potion of ambrosia {unknown}
 D - 2 potions of cancellation
 F - a potion of invisibility
Books
 b - a book of Flames

   Spells                             Type                      Level
   a - Flame Tongue                   Conjuration/Fire             1
   b - Throw Flame                    Conjuration/Fire             2
   c - Conjure Flame                  Conjuration/Fire             3
   d - Inner Flame                    Hexes/Fire                   3
   e - Sticky Flame                   Conjuration/Fire             4
   f - Fireball                       Conjuration/Fire             5
 q - a book of Misfortune

   Spells                             Type                      Level
   a - Confusing Touch                Hexes                        1
   b - Confuse                        Hexes                        3
   c - Gell's Gravitas                Hexes/Translocation          3
   d - Petrify                        Transmutation/Earth          4
   e - Metabolic Englaciation         Hexes/Ice                    5
   f - Yara's Violent Unravelling     Hexes/Transmutation          5
Comestibles
 c - 5 bread rations
 f - 7 chunks of flesh
 h - 2 meat rations
 t - a royal jelly
 A - 2 slices of pizza
 E - a beef jerky


   Skills:
 - Level 2.4 Dodging
 - Level 2.4 Stealth
 + Level 5.6 Spellcasting
 * Level 6.1 Conjurations
 + Level 6.4 Fire Magic


You had 9 spell levels left.
You knew the following spells:

 Your Spells              Type           Power        Failure   Level  Hunger
a - Flame Tongue          Conj/Fire      ####.        1%          1    None
b - Conjure Flame         Conj/Fire      ####....     1%          3    ##.....
c - Sticky Flame          Conj/Fire      ####....     10%         4    ####...


Dungeon Overview and Level Annotations

Branches:
Dungeon (4/15)
 Temple: D:4-7

Altars:
Ashenzari
Elyvilon
Makhleb
Qazlal
Xom

Annotations:
D:4 Pikel


Message History

The crimson imp hits you with a club.
Okay, then.
It was a potion of invisibility.
You fade into invisibility!
Pikel closely misses you. The crimson imp closely misses you.
You are very lightly contaminated with residual magic.
Casting: Sticky Flame
Confirm with . or Enter, or press ? or * to list all spells.
Aiming: Sticky Flame
Press: ? - help, Shift-Dir - straight line, f/p - Pikel
Aim: Pikel, wielding a whip of flaming and wearing a robe (moderately wounded)
The sticky flame hits Pikel.
Pikel is moderately wounded.
Pikel is covered in liquid flames!
Pikel burns!
Pikel closely misses you. The crimson imp hits you with a club.
* * * LOW HITPOINT WARNING * * *
You hit Pikel.
Pikel is heavily wounded.
Pikel burns!
Pikel hits you with a whip of flaming!
You die... .#.................# .... ######.#....<...... #..# #.#.####.....# #..# ##.#.# #....## #.. .....####.#.## #pK

....)##...#.### #p#
##......###.... #.#
#######............. #.#
#pK@5....>..........
#.#####p###.#......#####..
#.pp....# #.#......#......
######..# #..........###..
#..# #.####.#...# ##( #..#
#.# #.#...# #. #..# #.#
#.#...# #.
#..###.####.#...# #.
#......##.......# ##


You could see Pikel (burning), 2 slaves and a crimson imp.

Vanquished Creatures
  A slave (D:4)
  A phantom (D:4)
  The ghost of tself55 the Magician, an amateur NaWz (D:3)
  2 bullfrogs (Sewer)
  A howler monkey (D:4)
  An orc wizard (D:3)
  Jessica (D:3)
  Natasha (thrice) (D:4)
  Ijyb (D:2)
  A worker ant (D:4)
  2 hound skeletons (D:4)
  7 adders
  2 oozes
  3 worms (D:2)
  2 dart slugs (D:3)
  3 leopard geckos
  16 orcs
  4 ball pythons
  16 giant cockroaches
  7 goblins
  9 hobgoblins
  7 jackals (D:2)
  A quokka (D:2)
  9 bats
  12 frilled lizards
  5 kobolds
  A leopard gecko skeleton (D:4)
  18 rats
137 creatures vanquished.

Vanquished Creatures (others)
  A plant (D:2)
1 creature vanquished.

Grand Total: 138 creatures vanquished

Notes
Turn   | Place    | Note
-------+----------+-------------------------------------------
     0 | D:1      | tself55 the Deep Elf Fire Elementalist began the quest for the Orb.
     0 | D:1      | Reached XP level 1. HP: 10/10 MP: 6/6
   180 | D:1      | Reached XP level 2. HP: 15/15 MP: 6/8
   447 | D:1      | Reached XP level 3. HP: 18/19 MP: 2/10
   530 | D:1      | Learned a level 3 spell: Conjure Flame
   766 | D:2      | Noticed Ijyb
   772 | D:2      | Killed Ijyb
  1085 | D:2      | Reached XP level 4. HP: 5/24 MP: 9/11
  1356 | D:2      | Learned a level 4 spell: Sticky Flame
  1403 | D:2      | Found a white marble altar of Elyvilon.
  1627 | D:2      | Found a shimmering altar of Xom.
  2063 | D:2      | Found a burning altar of Makhleb.
  2063 | D:2      | Noticed a balrug
  2067 | D:2      | Noticed a neqoxec
  2067 | D:2      | Noticed an orange demon
  2686 | D:3      | Reached XP level 5. HP: 23/28 MP: 3/13
  2760 | D:3      | Noticed Jessica
  2764 | D:3      | Killed Jessica
  2772 | D:3      | Found a stormy altar of Qazlal.
  3481 | D:3      | Found a faded altar of an unknown god.
  3481 | D:3      | Found a shattered altar of Ashenzari.
  3481 | D:3      | Noticed tself55's ghost (amateur NaWz)
  3499 | D:3      | Killed tself55's ghost
  3499 | D:3      | Reached skill level 5 in Fire Magic
  3499 | D:3      | Reached XP level 6. HP: 32/32 MP: 3/14
  3576 | D:3      | Found a faded altar of an unknown god.
  3578 | D:3      | Found a faded altar of an unknown god.
  3579 | D:3      | Found a faded altar of an unknown god.
  3729 | D:4      | Found a glowing drain.
  3764 | Sewer    | Entered a sewer
  4120 | Sewer    | Reached skill level 5 in Spellcasting
  4120 | Sewer    | Reached skill level 5 in Conjurations
  4286 | D:4      | Reached XP level 7. HP: 36/36 MP: 8/16
  4319 | D:4      | Noticed Natasha
  4326 | D:4      | Killed Natasha
  4672 | D:4      | Noticed Natasha
  4680 | D:4      | Killed Natasha
  4837 | D:4      | Noticed Natasha
  4842 | D:4      | Killed Natasha
  4892 | D:4      | Noticed Pikel
  4928 | D:4      | Slain by Pikel

Skill      XL: |  1  2  3  4  5  6  7 |
---------------+----------------------+-----
Conjurations   | 2 3 4 5 6 |  6.1
Fire Magic     | 4 5 6 |  6.4
Spellcasting   | 4 5 |  5.6
Dodging        | |  2.4
Stealth        | |  2.4

Action                   |  1- 3 |  4- 6 |  7- 9 || total
-------------------------+-------+-------+-------++-------
Melee: Dagger            |    41 |    13 |    15 ||    69
       Unarmed           |     2 |       |       ||     2
 Cast: Flame Tongue      |    71 |   180 |    43 ||   294
       Conjure Flame     |       |     1 |     1 ||     2
       Sticky Flame      |       |       |     3 ||     3
  Use: Scroll            |       |     3 |     1 ||     4
       Potion            |       |       |     2 ||     2
  Eat: Chunk             |       |    10 |     2 ||    12
Armor: Robe              |     9 |    15 |     1 ||    25
Dodge: Dodged            |    48 |    68 |    16 ||   132
